 Dungeon Crawl Stone Soup version 0.27-a0-1105-g946c659c87 (webtiles) character file.

Game seed: 15797432706867356208

70 dickylongcocking the Insei (level 4, 0/28 HPs)
             Began as an Octopode Transmuter on Apr 30, 2021.
             Slain by a sky beast (3 damage)
             ... on level 2 of the Dungeon.
             The game lasted 00:02:28 (3051 turns).

dickylongcocking the Insei (Octopode Transmuter)    Turns: 3051, Time: 00:02:29

Health: 0/28       AC:  1    Str:  9    XL:     4   Next: 21%
Magic:  0/7        EV: 13    Int: 20    God:
Gold:   92         SH:  0    Dex: 12    Spells: 3/7 levels left

rFire    . . .     SeeInvis .     - Unarmed
rCold    . . .     Faith    .   (no shield)
rNeg     . . .     Spirit   .   (helmet restricted)
rPois    .         Reflect  .   (no amulet)
rElec    .         Harm     .   e - +6 ring of intelligence
rCorr    .         Rampage  .   (no ring)
Will     .....     Rnd*Rage +   (no ring)
Stlth    ++........             (no ring)
HPRegen  0.09/turn              (no ring)
MPRegen  0.10/turn              (no ring)
                                (no ring)
                                (no ring)

@: very slightly contaminated
A: almost no armour, amphibious, 8 rings, camouflage 1, gelatinous body 1,
(nimble swimmer 1), tentacles, berserk 1, dopey 1, wild magic 1
a: no special abilities


You were on level 2 of the Dungeon.
You visited 1 branch of the dungeon, and saw 2 of its levels.

You collected 92 gold pieces.

Inventory:

Hand Weapons
 d - a +0 club
Armour
 g - a +0 buckler
Jewellery
 e - a +6 ring of intelligence (left tentacle)
Scrolls
 a - a scroll of amnesia {unknown}
 b - 2 scrolls of identify
 c - a scroll of fog {unknown}
 f - 3 scrolls of holy word
 h - a scroll of noise {unknown}


   Skills:
 * Level 1.2 Fighting
 - Level 2.0 Dodging
 * Level 4.7 Unarmed Combat
 - Level 2.0 Spellcasting
 * Level 2.2 Transmutations


You had 3 spell levels left.
You knew the following spells:

 Your Spells              Type           Power      Damage    Failure   Level
a - Beastly Appendage     Tmut           28%        N/A       10%         1
c - Spider Form           Tmut/Pois      4%         N/A       38%         3

Your spell library contained the following spells:

 Spells                   Type           Power      Damage    Failure   Level
 Wereblood                Tmut           14%        N/A       14%         2
 Ice Form                 Ice/Tmut       8%         N/A       77%         4
 Hydra Form               Tmut           7%         N/A       91%         5


Dungeon Overview and Level Annotations

Branches:
Dungeon (2/15)

Altars:


Innate Abilities, Weirdness & Mutations

You cannot wear most types of armour.
You are amphibious.
You can wear up to eight rings at the same time.
Your skin changes colour to match your surroundings (Stealth+).
Your rubbery body absorbs attacks. (AC +1, EV +1)
((You are camouflaged near water. (Stealth+)))
You have tentacles for arms and can constrict up to eight enemies at once.
You tend to lose your temper in combat.
You are dopey. (Int -2)
Your spells are a little harder to cast, but a little more powerful.


Message History

The sky beast flickers out of sight!
Deactivating autopickup; reactivate with Ctrl-A.
It was a potion of mutation.
You feel extremely strange.
You feel stupid.
You feel a little pissed off.
You feel less in control of your magic. Something barely misses you.
Casting: Spider Form (extremely dangerous; 38% risk of failure)
Confirm with . or Enter, or press ? or * to list all spells.
The spell is extremely dangerous to cast (38% risk of failure)!
Continue anyway?
You miscast Spider Form.
You are very lightly contaminated with residual magic.
Nothing appears to happen.
A sky beast appears from thin air!
Reactivating autopickup.
The sky beast misses you.
Unknown command.
Casting: Spider Form (extremely dangerous; 38% risk of failure)
Confirm with . or Enter, or press ? or * to list all spells.
The spell is extremely dangerous to cast (38% risk of failure)!
Continue anyway?
You miscast Spider Form.
Nothing appears to happen.
The sky beast completely misses you.
Unknown command.
Unknown command.
The sky beast flickers out of sight!
Deactivating autopickup; reactivate with Ctrl-A.
Your magical contamination has completely faded away.
Casting: Spider Form (extremely dangerous; 38% risk of failure)
Confirm with . or Enter, or press ? or * to list all spells.
Okay, then.
A sky beast appears from thin air!
Reactivating autopickup.
There is a stone staircase leading up here.
The sky beast hits you. The sky beast shocks you.
* * * LOW HITPOINT WARNING * * *
Casting: Spider Form (extremely dangerous; 38% risk of failure)
Confirm with . or Enter, or press ? or * to list all spells.
The spell is extremely dangerous to cast (38% risk of failure)!
Continue anyway?
You miscast Spider Form.
You are very lightly contaminated with residual magic.
Nothing appears to happen.
The sky beast hits you.
You die...

#..###.#####....... #...#.##
#.##...† #.#####..#.##
#.##...# #........#.#
#.###.##
########.#†#######.###...
#.#..........#####
#.#########..# #.# #..#
########### #@# #..#####
..........# #Y# #.......
#########.######.####
##.#####
...>................##### #.#
.################...<...###.#
.# #.............# .###
#.#.#.###.##### ...#
#.#..........# ##.#
#.#.##.##.##.#


You could see a sky beast.

Vanquished Creatures
  Robin (D:2)
  An adder (D:2)
  A dart slug (D:1)
  2 ball pythons (D:1)
  4 endoplasms
  A giant cockroach (D:1)
  8 goblins (D:2)
  5 hobgoblins (D:2)
  6 jackals (D:2)
  7 bats
  A frilled lizard (D:2)
  2 kobolds
  A rat (D:1)
40 creatures vanquished.

Notes
Turn   | Place    | Note
-------+----------+-------------------------------------------
     0 | D:1      | dickylongcocking the Octopode Transmuter began the quest
                  | for the Orb.
     0 | D:1      | Reached XP level 1. HP: 13/13 MP: 3/3
   486 | D:1      | Reached XP level 2. HP: 10/18 MP: 5/5
  1644 | D:2      | Reached skill level 4 in Unarmed Combat
  1760 | D:2      | Noticed a sky beast
  1762 | D:2      | Found a faded altar of an unknown god.
  2022 | D:2      | Reached XP level 3. HP: 9/23 MP: 4/6
  2304 | D:2      | Noticed Robin
  2316 | D:2      | Learned a level 3 spell: Spider Form
  2324 | D:2      | Killed Robin
  2344 | D:2      | Reached XP level 4. HP: 14/28 MP: 1/7
  3020 | D:2      | Gained mutation: You are dopey. (Int -2) [potion of
                  | mutation]
  3020 | D:2      | Gained mutation: You tend to lose your temper in combat.
                  | [potion of mutation]
  3020 | D:2      | Gained mutation: Your spells are a little harder to cast,
                  | but a little more powerful. [potion of mutation]
  3051 | D:2      | Slain by a sky beast

Illustrated notes

Levels and vault maps discovered:
D:1:      lightli_arrival_statue_moat, layout_basic
D:2:      layout_loops_ring, ebering_ecumenical_altar_hall, uniq_robin

Skill      XL: |  1  2 |
---------------+-------+-----
Unarmed Combat | 4 |  4.7
Fighting       | |  1.2
Dodging        | |  2.0
Spellcasting   | |  2.0
Transmutations | |  2.2

Action                   |  1- 3 |  4- 6 || total
-------------------------+-------+-------++-------
Melee: Unarmed           |    83 |    22 ||   105
       Constrict         |    25 |     5 ||    30
       Kick              |     5 |       ||     5
       Tentacles         |    10 |     1 ||    11
       Punch             |     2 |       ||     2
 Cast: Beastly Appendage |     6 |       ||     6
       Spider Form       |     1 |     2 ||     3
  Use: Potion            |     2 |     1 ||     3
       Scroll            |     1 |       ||     1
 Stab: Sleeping          |     2 |     1 ||     3
Armor: Skin              |    23 |     7 ||    30
Dodge: Dodged            |    88 |    22 ||   110

Table legend: (Time is in decaauts)
 A = Elapsed time spent in this place.
 B = Non-inter-level travel time spent in this place.
 C = Inter-level travel time spent in this place.
 D = Time resting spent in this place.
 E = Time spent auto-exploring this place.
 F = Levels seen in this place.
 G = Mean time per level.
                   A        B        C        D        E       F      G
               +--------+--------+--------+--------+--------+-----+--------+
         Total |   3043 |   2989 |     54 |    403 |   2176 |   2 | 1521.5 |
       Dungeon |   3043 |   2989 |     54 |    403 |   2176 |   2 | 1521.5 |
               +--------+--------+--------+--------+--------+-----+--------+

Top non-repeatable levels by time:
     D:1: 1605 daAuts
     D:2: 1437 daAuts
